 Dungeon Crawl Stone Soup version 0.27-a0-1219-g958d993ae5 (webtiles) character file.

Game seed: 9614681335191801284

4 sanka the Charlatan (level 1, -1/17 HPs)
             Began as a Djinni Artificer on June 6, 2021.
             Frozen to death by an endoplasm (4 damage)
             ... on level 1 of the Dungeon.
             The game lasted 00:00:38 (446 turns).

sanka the Charlatan (Djinni Artificer)               Turns: 446, Time: 00:00:38

Health: -1/17      AC:  3    Str: 11    XL:     1   Next: 66%
Gold:   8          EV: 11    Int: 12    God:
                   SH:  0    Dex: 13

rFire    + + .     SeeInvis .   a - +0 club
rCold    x . .     Faith    .   (no shield)
rNeg     . . .     Spirit   .   b - +0 leather armour
rPois    ∞         Reflect  .   (no helmet)
rElec    .         Harm     .   (no cloak)
rCorr    .         Rampage  .   (no gloves)
Will     .....                  (boots unavailable)
Stlth    +.........             (no amulet)
HPRegen  0.05/turn              (no ring)
MPRegen  0.00/turn              (no ring)

@: flying
A: sickness immunity, fire resistance 2, cold vulnerability 1, float, innate
caster, hp casting, extra vitality 1
a: no special abilities


You were on level 1 of the Dungeon.
You visited 1 branch of the dungeon, and saw 1 of its levels.

You collected 8 gold pieces.


Innate Abilities, Weirdness & Mutations

You are immune to sickness and miasma.
You are immune to poison.
Your flesh is very heat resistant. (rF++)
You are vulnerable to cold. (rC-)
You float through the air rather than walking.
You learn spells naturally, not from books.
Your magical power is your life essence.
You have superior vitality. (+4 HP)


   Skills:
 + Level 1.6 Fighting
 - Level 1.0 Armour
 - Level 2.1 Dodging
 - Level 0.7 Stealth
 - Level 3.0 Evocations


You couldn't memorise any spells.
You didn't know any spells.
Your spell library was empty.

Inventory:

Hand Weapons
 a - a +0 club (weapon)
Missiles
 f - 17 poisoned darts (quivered)
Armour
 b - a +0 leather armour (worn)
Wands
 c - a wand of flame (13)
 d - a wand of charming (15)
Scrolls
 g - a scroll of identify {unknown}
Miscellaneous
 e - a piece from Xom's chessboard (15/15)

Dungeon Overview and Level Annotations

Branches:
Dungeon (1/15)

Altars:
▒▒▒▒▒▒▒ ▒▒▒▒▒▒▒:..... ▒f▒PPP.PP.f..

▒▒f▒.P........
▒▒▒▒▒▒▒▒▒.P.▒.≈≈......
▒.....£.....▒..⌠⌠.≈Pf.
▒......▒▒▒.(▒....⌠P...
▒....R.▒ ▒..▒...P.....
▒...J..▒ ▒f.P▒.▒..▒..†
▒......▒ ▒.P.▒_▒..▒...
▒......▒ ▒PP.▒▒▒▒▒▒...
▒...........f.▒.......
▒......▒▒▒^...▒.......
▒......▒ ▒▒▒▒▒▒▒▒
▒......▒ ▒ ▒


You could see an endoplasm.


Message History

There is a fountain of clear blue water here.
Found 11 gold pieces and 7 stones.
An endoplasm comes into view.
The endoplasm quivers.
You hit the endoplasm.
The endoplasm is moderately wounded.
The endoplasm freezes you.
You are frozen.
You feel a terrible chill!
You hit the endoplasm.
The endoplasm is heavily wounded.
The endoplasm barely misses you. The endoplasm freezes you.
You are frozen!
You feel a terrible chill!
* * * LOW HITPOINT WARNING * * *
You hit the endoplasm.
The endoplasm is heavily wounded.
The endoplasm barely misses you.
You hit the endoplasm but do no damage.
The endoplasm is heavily wounded.
The endoplasm hits you.
* * * LOW HITPOINT WARNING * * *
You barely miss the endoplasm.
The endoplasm is heavily wounded.
The endoplasm jiggles.
The endoplasm freezes you.
You are frozen.
You feel a terrible chill!
You die...

Action                   || total
-------------------------++-------
Melee: Club              ||    14
Throw: Dart              ||     8
Evoke: Wand              ||     2
Armor: Leather armour    ||     1
Dodge: Dodged            ||    13

Levels and vault maps discovered:
D:1:      minmay_arrival_semitransparent, layout_rooms, serial_forest,
          infiniplex_forest_lined_room_2, infiniplex_forest_clump_small,
          infiniplex_forest_end_2, infiniplex_forest_straight_3,
          infiniplex_forest_pool, infiniplex_forest_lined_room_2,
          infiniplex_forest_lined_1, infiniplex_forest_clump_curved,
          infiniplex_forest_end_double,
          shapermc_ecumenical_altar_mp_ritualfount, grunt_decor_cap,
          serial_park_tiny_1

Notes
Turn   | Place    | Note
-------+----------+-------------------------------------------
     0 | D:1      | sanka the Djinni Artificer began the quest for the Orb.
     0 | D:1      | Reached XP level 1. HP: 17/17 MP: 0/0
    69 | D:1      | HP: 1/17 [quokka (2)]
    80 | D:1      | HP: 1/17 [quokka (1)]
   430 | D:1      | Found a faded altar of an unknown god.
   446 | D:1      | Frozen to death by an endoplasm

Vanquished Creatures
  A quokka (D:1)
  A ball python (D:1)
  3 rats (D:1)
5 creatures vanquished.
